 Dungeon Crawl Stone Soup version 0.31.0-12-g77e489cdc1 (webtiles) character file.

Game seed: 16438943777753406134

1022 BoneyBoi1234 the Shooter (level 8, -1/71 HPs)
             Began as a Minotaur Hunter on Feb 22, 2024.
             Slain by a water moccasin (6 damage)
             ... on level 5 of the Dungeon.
             The game lasted 00:09:43 (3566 turns).

BoneyBoi1234 the Shooter (Minotaur Hunter)          Turns: 3566, Time: 00:09:44

Health: -1/71      AC: 13    Str: 15    XL:     8   Next: 2%
Magic:  7/7        EV: 12    Int:  6    God:
Gold:   362        SH:  0    Dex: 17    Spells: 7/7 levels left

rFire   . . .        a - +0 shortbow
rCold   . . .        (shield currently unavailable)
rNeg    . . .        D - +0 scale mail
rPois   .            (helmet restricted)
rElec   .            q - +1 cloak
rCorr   .            C - +2 pair of gloves
SInv    .            o - +0 pair of boots
Will    .....        (no amulet) Stlth
                     (no ring)
HPRegen 0.31/turn    (no ring)
MPRegen 0.10/turn

%: no passive effects
@: lethally poisoned (-1 -> -15)
A: horns 2, retaliatory headbutt, mutation resistance 1
a: no special abilities


You were on level 5 of the Dungeon.
You visited 1 branch of the dungeon, and saw 5 of its levels.

You collected 362 gold pieces.

Inventory:

Hand Weapons
 a - a +0 shortbow (weapon)
 u - the +3 whip of True Grit {flame, Fly}
   (You found it on level 3 of the Dungeon)

   Fly:       It grants you flight.
 v - a +1 dagger of venom
Missiles
 y - 2 throwing nets
Armour
 c - a +0 leather armour
 e - a +0 chain mail
 o - a +0 pair of boots (worn)
 q - a +1 cloak (worn)
 C - a +2 pair of gloves (worn)
 D - a +0 scale mail (worn)
Jewellery
 m - a ring of fire
 p - a ring of protection from cold
 r - an amulet of guardian spirit
Talismans
 x - a blade talisman
Wands
 j - a wand of flame (23)
Scrolls
 b - 2 scrolls of butterflies
 d - 2 scrolls of poison
 g - a scroll of noise
 k - a scroll of teleportation {unknown}
 l - a scroll of enchant weapon {unknown}
 n - a scroll of fear {unknown}
 t - a scroll of torment {unknown}
 w - a scroll of fog {unknown}
 z - a scroll of immolation {unknown}
 B - a scroll of amnesia {unknown}
Potions
 f - a potion of attraction
 i - a potion of mutation
 s - a potion of lignification


   Skills:
 * Level 6.3 Fighting
 * Level 7.0 Ranged Weapons
 + Level 3.9 Armour
 * Level 5.7 Dodging
 - Level 1.0 Stealth


You had 7 spell levels left.
You didn't know any spells.
Your spell library contained the following spells:

 Spells                   Type           Power      Damage    Failure   Level
 Kiss of Death            Conj/Necr      0%         2d5       88%         1
 Mercury Vapours          Alch/Air       0%         N/A       95%         2
 Confusing Touch          Hex            0%         N/A       99%         3
 Mephitic Cloud           Conj/Alch/Air  0%         N/A       99%         3
 Anguish                  Hex/Necr       0%         N/A       100%        4
 Cause Fear               Hex            0%         N/A       100%        4
 Dispel Undead            Necr           0%         3d6       100%        4
 Freezing Cloud           Conj/Ice/Air   0%         6-21      100%        5
 Enfeeble                 Hex            0%         N/A       100%        7


Dungeon Overview and Level Annotations

Branches:
Dungeon (5/15)
 Temple: D:4-7

Altars:
Elyvilon
Kikubaaqudgha

Shops:
D:2 ((*[   D:3 (


Innate Abilities, Weirdness & Mutations

You have a pair of horns on your head.
You reflexively headbutt those who attack you in melee.
You are somewhat resistant to further mutation.


Message History

Fire: a) +0 shortbow
Press: ? - help, Q - select action, (/) - cycle Shift-Dir - straight line, f/p - water moccasin
Aim: a water moccasin (almost dead, 51% to hit)
You shoot an arrow. The arrow hits the water moccasin.
The water moccasin is almost dead.
The water moccasin bites you. x2
* * * LOW HITPOINT WARNING * * *
You are poisoned.
The water moccasin poisons you!
Fire: a) +0 shortbow
Press: ? - help, Q - select action, (/) - cycle Shift-Dir - straight line, f/p - water moccasin
Aim: a water moccasin (almost dead, 51% to hit)
You shoot an arrow.
The arrow barely misses the water moccasin.
You feel very sick. The water moccasin bites you.
* * * LOW HITPOINT WARNING * * *
Fire: a) +0 shortbow
Press: ? - help, Q - select action, (/) - cycle Shift-Dir - straight line, f/p - water moccasin
Aim: a water moccasin (almost dead, 51% to hit)
You shoot an arrow.
The arrow hits the water moccasin but does no damage.
The water moccasin is almost dead.
* * * LOW HITPOINT WARNING * * *
You feel very sick. The water moccasin barely misses you.
The water moccasin bites you but does no damage.
Fire: a) +0 shortbow
Press: ? - help, Q - select action, (/) - cycle Shift-Dir - straight line, f/p - water moccasin
Aim: a water moccasin (almost dead, 51% to hit)
You shoot an arrow.
The arrow hits the water moccasin but does no damage.
The water moccasin is almost dead.
* * * LOW HITPOINT WARNING * * *
You feel very sick. The water moccasin bites you.
* * * LOW HITPOINT WARNING * * *
You are more poisoned.
The water moccasin poisons you! The water moccasin bites you.
You die...

.......##...........#####
)......###.#>.####.......
.......##..#..###......#
..........#....##......#
.......##...##.........#
.......#........#......#
..)........###.##......#
.).......#. #..#......#
.÷......##. ##.@#######
........# ##S# ........#
..# ##.....## ##.#
#.......########..
[........)....###.
#.......#####.....
##÷....## ##.. ##.....##


You could see a water moccasin.

Vanquished Creatures
  2 ice beasts (D:5)
  A phantom (D:5)
  A kobold brigand (D:5)
  4 bombardier beetles
  3 hounds
  2 gnoll boudas
  2 orc priests
  Jessica (D:2)
  An iguana (D:3)
  4 orc wizards
  4 adders
  7 gnolls
  A dart slug (D:2)
  2 ribbon worms (D:2)
  11 orcs
  7 endoplasms
  3 giant cockroaches
  3 goblins
  7 hobgoblins
  3 jackals (D:2)
  12 kobolds
  A quokka (D:3)
  6 ball pythons
  2 bats
  6 frilled lizards
  9 rats
105 creatures vanquished.

Notes
Turn   | Place    | Note
-------+----------+-------------------------------------------
     0 | D:1      | BoneyBoi1234 the Minotaur Hunter began the quest for the
                  | Orb.
     0 | D:1      | Reached XP level 1. HP: 18/18 MP: 0/0
    86 | D:1      | Reached skill level 1 in Stealth
   116 | D:1      | Reached XP level 2. HP: 25/25 MP: 1/1
   262 | D:1      | Reached XP level 3. HP: 31/31 MP: 2/2
   530 | D:2      | Noticed Jessica
   532 | D:2      | Killed Jessica
   533 | D:2      | Reached skill level 1 in Armour
   559 | D:2      | Reached XP level 4. HP: 38/38 MP: 3/3
   600 | D:2      | Found Wuanwuebb's Antique Armour Shop.
   716 | D:2      | Found Caicoh's Assorted Antiques.
   960 | D:2      | Found Meteforu's Antique Weapon Boutique.
  1033 | D:2      | Found Neoqam's Weapon Shoppe.
  1116 | D:2      | Reached skill level 5 in Ranged Weapons
  1447 | D:3      | Identified the +3 whip of True Grit {flame, Fly}
  1616 | D:3      | Reached XP level 5. HP: 12/46 MP: 4/4
  1878 | D:3      | Found Raqoulat's Antique Weapon Shoppe.
  2191 | D:4      | Reached XP level 6. HP: 49/53 MP: 5/5
  2349 | D:4      | Gained mutation: You are somewhat resistant to further
                  | mutation. [potion of mutation]
  2351 | D:4      | Reached skill level 6 in Ranged Weapons
  2355 | D:4      | Reached skill level 5 in Fighting
  2581 | D:4      | Found a white marble altar of Elyvilon.
  2639 | D:4      | Found an ancient bone altar of Kikubaaqudgha.
  2747 | D:4      | Reached XP level 7. HP: 61/61 MP: 6/6
  2879 | D:5      | Entered Level 5 of the Dungeon
  2964 | D:5      | Reached skill level 5 in Dodging
  3486 | D:5      | Reached skill level 7 in Ranged Weapons
  3486 | D:5      | Reached XP level 8. HP: 57/71 MP: 7/7
  3566 | D:5      | Slain by a water moccasin

Illustrated notes

Levels and vault maps discovered:
D:1:      tarquinn_simple_flora_water_f, layout_rooms
D:2:      layout_basic, serial_shops, nicolae_square_shop,
          nicolae_shop_waterfront, shop, shop, uniq_jessica
D:3:      layout_rooms, serial_shops, nicolae_shop_advertising_works
          [nicolae_subvault_shop_adworks], solitary_fountain
D:4:      layout_cave_pools, kennysheep_little_box,
          mainiacjoe_overflow_tiny_flanked, serial_bayou, serial_bayou_pond_b,
          serial_bayou_shore_a, serial_bayou_lagoon_b, serial_bayou_pond_e
D:5:      layout_rooms

Skill      XL: |  1  2  3  4  5  6  7 |
---------------+----------------------+-----
Stealth        | 1 |  1.0
Fighting       | 3 4 5 6 |  6.3
Armour         | 1 2 3 |  3.9
Dodging        | 3 4 5 |  5.7
Ranged Weapons | 5 6 7 |  7.0

Action                     |  1- 3 |  4- 6 |  7- 9 || total
---------------------------+-------+-------+-------++-------
   Fire: Shortbow          |   102 |   206 |   151 ||   459
    Use: Scroll            |     1 |       |     1 ||     2
         Potion            |       |     3 |     3 ||     6
 Armour: Leather armour    |    17 |    40 |       ||    57
         Skin              |       |     3 |       ||     3
         Scale mail        |       |     2 |   119 ||   121
  Dodge: Dodged            |    17 |    56 |    74 ||   147
